 Dungeon Crawl Stone Soup version 0.26-a0-846-gcc8f1ee719 (webtiles) character file.

Game seed: 5614529062342773259

31 mg7810 the Caller (level 3, 0/14 HPs)
             Began as a Felid Summoner on Nov 19, 2020.
             Killed by divine providence
             ... invoked by an orc priest
              (14 damage)
             ... on level 3 of the Dungeon.
             The game lasted 00:06:08 (2163 turns).

mg7810 the Caller (Felid Summoner)                  Turns: 2163, Time: 00:06:09

Health: 0/14       AC:  1    Str:  4    XL:     3   Next: 7%
Magic:  4/7        EV: 18    Int: 17    God:
Gold:   135        SH:  0    Dex: 16    Spells: 1/7 levels left
                                        Lives:  0   Deaths: 0

rFire    . . .     SeeInvis +   (weapon unavailable)
rCold    + . .     Faith    .   (shield unavailable)
rNeg     . . .     Spirit   .   (armour unavailable)
rPois    .         Reflect  .   (helmet unavailable)
rElec    .         Harm     .   (cloak unavailable)
rCorr    .         Rampage  .   (gloves unavailable)
MR       .....                  (boots unavailable)
Stlth    +++.......             (no amulet)
HPRegen  0.04/turn              g - ring of flight
MPRegen  0.10/turn              a - ring of protection from cold

@: quick
A: very small, no armour, no weapons or thrown items, stealth, claws 1, fangs 3,
see invisible, speed 1, shaggy fur 1, sharp paws
a: Evoke Flight


You were on level 3 of the Dungeon.
You visited 1 branch of the dungeon, and saw 3 of its levels.

You collected 135 gold pieces.

Inventory:

Jewellery
 a - a ring of protection from cold (right paw)
 g - a ring of flight (left paw)
Scrolls
 c - 3 scrolls of remove curse
 d - 5 scrolls of identify
 e - 2 scrolls of enchant weapon {unknown}
Potions
 b - a potion of lignification {unknown}
 f - a potion of mutation {unknown}
 h - 2 potions of curing {unknown}
 i - 2 potions of might


   Skills:
 + Level 2.8 Dodging
 + Level 2.8 Stealth
 + Level 2.5 Spellcasting
 + Level 4.5 Summonings


You had one spell level left.
You knew the following spells:

 Your Spells              Type           Power        Failure   Level
a - Summon Small Mammal   Summ           ###.         2%          1
b - Call Imp              Summ           ###.....     4%          2
c - Call Canine Familiar  Summ           ###.....     9%          3

Your spell library contained the following spells:

 Spells                   Type           Power        Failure   Level
 Summon Guardian Golem    Hex/Summ       #.......     22%         3
 Summon Ice Beast         Ice/Summ       #.......     56%         4
 Summon Lightning Spire   Summ/Air       #.......     56%         4


Dungeon Overview and Level Annotations

Branches:
Dungeon (3/15)

Altars:
Okawaru
Trog


Innate Abilities, Weirdness & Mutations

You cannot wear armour.
You are incapable of wielding weapons or throwing items.
Your paws allow you to move quietly. (Stealth)
You have sharp claws.
You have razor-sharp teeth.
You have supernaturally acute eyesight. (SInv)
You cover ground quickly.
You are covered in fur. (AC +1)
Your sharp claws are effective at attacking unaware monsters.


Message History

Memorise Call Canine Familiar, consuming 3 spell levels and leaving 1?
You start memorising the spell.
You continue memorising. x3
You finish memorising.
Spell assigned to 'c'.
Your crimson imp disappears in a puff of smoke!
You swap places.
Your shadow imp disappears in a puff of smoke!
e - 2 scrolls labelled COBBEI YCSUU (gained 1)
Found a stone staircase leading down.
A jackal comes into view.
A jackal is nearby!
Casting: Call Imp (safe; 4% risk of failure)
Confirm with . or Enter, or press ? or * to list all spells.
The spell is potentially lethal to cast (9% risk of failure)!
Continue anyway?
The jackal barks!
You hear a shout!
You hear a bark!
A jackal comes into view.
An orc priest comes into view. It is wielding a +0 trident.
The orc priest mumbles some strange prayers to Beogh against you.
Beogh smites you!
Ouch! That really hurt!
You die...

#. # . #. .#
#.# ##. ...
.. #
.#.#.###.#.#
..........>#
#.@h#
#.#.....h.
#.#.#o####
#.#.# #
#.#.# #.#.#
#.#.#
#####.#.#
#.....#


You could see an orc priest, a jackal and a friendly hound (summoned).

Vanquished Creatures (collateral kills)
  An adder (D:3)
  An ooze (D:2)
  A leopard gecko (D:2)
  3 giant cockroaches (D:2)
  2 goblins
  6 hobgoblins
  2 bats (D:2)
  6 frilled lizards
  6 kobolds
  7 rats (D:1)
35 creatures vanquished.

Notes
Turn   | Place    | Note
-------+----------+-------------------------------------------
     0 | D:1      | mg7810 the Felid Summoner began the quest for the Orb.
     0 | D:1      | Reached XP level 1. HP: 7/7 MP: 4/4
   651 | D:1      | Reached XP level 2. HP: 11/11 MP: 3/6
   654 | D:1      | Learned a level 2 spell: Call Imp
  1960 | D:2      | Found an iron altar of Okawaru.
  1960 | D:2      | Found a bloodstained altar of Trog.
  2119 | D:3      | Reached XP level 3. HP: 14/14 MP: 5/7
  2123 | D:3      | Learned a level 3 spell: Call Canine Familiar
  2163 | D:3      | Killed from afar by an orc priest

Illustrated notes

Levels and vault maps discovered:
D:1:      dpeg_arrival_ratfight, layout_basic, kennysheep_boxes
D:2:      layout_rooms, gammafunk_temple_overflow_wave, roderic_roman_lattice
D:3:      wad_crossroads, layout_basic, minitemple, old_standard_altar,
          tso_altar, minivault_4

Action                   || total
-------------------------++-------
 Cast: Summon Small Mamm ||    33
       Call Imp          ||    23
       Call Canine Famil ||     1
  Use: Scroll            ||     5
Armor: Skin              ||     1
Dodge: Dodged            ||    17

Table legend: (Time is in decaauts)
 A = Elapsed time spent in this place.
 B = Non-inter-level travel time spent in this place.
 C = Inter-level travel time spent in this place.
 D = Time resting spent in this place.
 E = Time spent auto-exploring this place.
 F = Levels seen in this place.
 G = Mean time per level.
                   A        B        C        D        E       F      G
               +--------+--------+--------+--------+--------+-----+--------+
         Total |   1914 |   1898 |     16 |      0 |   1552 |   3 |  638.0 |
       Dungeon |   1914 |   1898 |     16 |      0 |   1552 |   3 |  638.0 |
               +--------+--------+--------+--------+--------+-----+--------+

Top non-repeatable levels by time:
     D:1: 1093 daAuts
     D:2: 698 daAuts
     D:3: 123 daAuts
